 Dungeon Crawl Stone Soup version 0.27-a0-1299-g1ab19c6527 (webtiles) character file.

Game seed: 713966279056840626

408 mordus the Ruffian (level 6, -1/88 HPs)
             Began as a Troll Monk on June 16, 2021.
             Slain by a killer bee (5 damage)
             ... on level 3 of the Dungeon.
             The game lasted 00:05:18 (2279 turns).

mordus the Ruffian (Troll Monk)                     Turns: 2279, Time: 00:05:20

Health: -1/88      AC:  7    Str: 22    XL:     6   Next: 57%
Magic:  5/5        EV: 11    Int:  6    God:
Gold:   74         SH:  0    Dex: 12    Spells: 5/5 levels left

rFire    . . .     SeeInvis .     - Unarmed
rCold    . . .     Faith    .   (no shield)
rNeg     . . .     Spirit   .   a - +0 robe
rPois    .         Reflect  .   (helmet restricted)
rElec    .         Harm     .   h - +2 cloak
rCorr    .         Rampage  .   (gloves unavailable)
Will     .....                  (boots unavailable)
Stlth    ..........             (no amulet)
HPRegen  1.24/turn              (no ring)
MPRegen  0.09/turn              (no ring)

@: mighty, berserking, lethally poisoned (-1 -> -2), very slightly contaminated,
invisible, very quick
A: large, unfitting armour, claws 3, regeneration 1, shaggy fur 1, tough skin 1
a: no special abilities


You were on level 3 of the Dungeon.
You visited 1 branch of the dungeon, and saw 4 of its levels.
You also visited: Sewer.

You collected 74 gold pieces.

Inventory:

Hand Weapons
 i - a +4 quarterstaff of chaos
Armour
 a - a +0 robe (worn)
 h - a +2 cloak (worn)
Jewellery
 g - a +4 ring of protection
Wands
 e - a wand of flame (13)
Scrolls
 f - a scroll of teleportation
 j - a scroll of blinking
Potions
 d - a potion of flight
 n - a potion of degeneration {unknown}
 o - a potion of attraction {unknown}


   Skills:
 - Level 2.4 Fighting
 + Level 4.0 Dodging
 - Level 1.0 Stealth
 * Level 6.4 Unarmed Combat


You had 5 spell levels left.
You didn't know any spells.
Your spell library was empty.

Dungeon Overview and Level Annotations

Branches:
Dungeon (4/15)              Sewer (visited)
 Temple: D:4-7

Altars:

Shops:
D:1 *


Innate Abilities, Weirdness & Mutations

You are too large for most types of armour.
You have claws for hands.
Your natural rate of healing is unusually fast.
You are covered in fur. (AC +1)
You have tough skin. (AC +1)


Message History

The killer bee stings you.
You are poisoned.
The killer bee poisons you! The killer bee barely misses you.
The killer bee stings you.
You are more poisoned.
The killer bee poisons you! The killer bee stings you.
Your Dodging skill increases to level 4!
You barely miss the killer bee.
You feel very sick.
The killer bee stings you. x2; The killer bee stings you!
The killer bee barely misses you.
You are too injured to fight recklessly!
You are too injured to fight recklessly!
You are too injured to fight recklessly!
You are too injured to fight recklessly!
You are too injured to fight recklessly!
You feel very sick. The killer bee closely misses you.
The killer bee stings you!
* * * LOW HITPOINT WARNING * * *
It was a potion of invisibility.
You fade into invisibility!
You feel very sick. The killer bee misses you.
The killer bee closely misses you. The killer bee barely misses you. x2
You are very lightly contaminated with residual magic.
Attack: -) Claws
Press: ? - help, Dir - move target, f - killer bee
Aim: a killer bee (about 62% to evade your claws)
Okay, then.
It was a potion of might.
You feel very mighty all of a sudden.
You feel sick. The killer bee closely misses you. The killer bee misses you.
The killer bee closely misses you. x2
It was a potion of berserk rage.
A red film seems to cover your vision as you go berserk!
You feel yourself moving faster!
You feel mighty!
You feel sick. The killer bee stings you.
* * * LOW HITPOINT WARNING * * *
The killer bee stings you.
You die...

###### #....# #....#
###########
##....###.......@.#
................yy#
##....#.........#.####
######.#............#
#.##..###...##.#
#.....#####.##.#
#.###..........#
#......#....####
#######.#.####.##.#


You could see 2 killer bees.

Vanquished Creatures
  2 bullfrogs (Sewer)
  A killer bee (D:3)
  A hound (D:2)
  Crazy Yiuf (D:2)
  Natasha (D:3)
  Robin (D:2)
  3 adders
  A worm (D:2)
  3 dart slugs (D:2)
  An orc (D:2)
  5 ball pythons
  3 endoplasms
  9 giant cockroaches
  16 goblins
  11 hobgoblins
  10 jackals
  9 quokkas
  6 frilled lizards
  8 kobolds
  3 rats
95 creatures vanquished.

Notes
Turn   | Place    | Note
-------+----------+-------------------------------------------
     0 | D:1      | mordus the Troll Monk began the quest for the Orb.
     0 | D:1      | Reached XP level 1. HP: 22/22 MP: 0/0
    45 | D:1      | Found Ugent's Assorted Antiques.
   217 | D:1      | Reached XP level 2. HP: 29/29 MP: 1/1
   435 | D:1      | Found a faded altar of an unknown god.
   609 | D:2      | Reached XP level 3. HP: 34/36 MP: 2/2
   642 | D:2      | Reached skill level 4 in Unarmed Combat
   650 | D:2      | Noticed Robin
   660 | D:2      | Killed Robin
   732 | D:2      | Reached XP level 4. HP: 44/44 MP: 3/3
   994 | D:2      | Found a runed translucent door.
   995 | D:2      | Noticed Crazy Yiuf
  1414 | D:2      | HP: 1/44 [Crazy Yiuf (11)]
  1454 | D:2      | Killed Crazy Yiuf
  1455 | D:2      | Reached skill level 5 in Unarmed Combat
  1455 | D:2      | Reached XP level 5. HP: 36/50 MP: 4/4
  1729 | D:3      | Found a glowing drain.
  1750 | Sewer    | Entered a sewer
  2001 | Sewer    | Reached skill level 6 in Unarmed Combat
  2001 | Sewer    | Reached XP level 6. HP: 46/59 MP: 5/5
  2078 | D:3      | Noticed Natasha
  2085 | D:3      | Killed Natasha
  2279 | D:3      | HP: 4/88 [killer bee (5)]
  2279 | D:3      | Slain by a killer bee

Illustrated notes

Levels and vault maps discovered:
D:1:      dpeg_arrival_houses_and_road, layout_basic,
          ebering_ecumenical_altar_ruins, serial_shops, nicolae_diamond_shop
D:2:      layout_basic, hangedman_decor_clover_reticule, uniq_robin,
          uniq_crazy_yiuf_cottage
D:3:      layout_basic, nicolae_overflow_hidden_temple, gup_sewer_entry_pipe,
          uniq_natasha
D:4:      layout_cave_pods, minmay_misc_feat_iff

Skill      XL: |  1  2  3  4  5  6 |
---------------+-------------------+-----
Unarmed Combat | 4 5 6 |  6.4
Dodging        | 3 4 |  4.0
Fighting       | |  2.4
Stealth        | |  1.0

Action                   |  1- 3 |  4- 6 || total
-------------------------+-------+-------++-------
Melee: Unarmed           |   121 |   124 ||   245
       Punch             |     4 |     1 ||     5
  Use: Scroll            |       |     5 ||     5
       Potion            |       |     3 ||     3
 Stab: Sleeping          |       |     1 ||     1
Armor: Robe              |    38 |    50 ||    88
Dodge: Dodged            |    57 |    77 ||   134

Table legend: (Time is in decaauts)
 A = Elapsed time spent in this place.
 B = Non-inter-level travel time spent in this place.
 C = Inter-level travel time spent in this place.
 D = Time resting spent in this place.
 E = Time spent auto-exploring this place.
 F = Levels seen in this place.
 G = Mean time per level.
                   A        B        C        D        E       F      G
               +--------+--------+--------+--------+--------+-----+--------+
         Total |   2319 |   2225 |     94 |      0 |   1565 |   5 |  463.8 |
       Dungeon |   1997 |   1903 |     94 |      0 |   1429 |   4 |  499.2 |
         Sewer |    321 |    321 |      0 |      0 |    135 |   1 |  321.0 |
               +--------+--------+--------+--------+--------+-----+--------+

Top non-repeatable levels by time:
     D:2: 940 daAuts
     D:1: 563 daAuts
     D:3: 489 daAuts
   Sewer: 321 daAuts
     D:4: 3 daAuts
